 Dungeon Crawl Stone Soup version 0.17.0-27-g4a3f43e (webtiles) character file.

2543 themokujin the Quickloader (level 9, -2/100 HPs)
             Began as a Centaur Hunter on Nov 21, 2015.
             Was a Believer of Okawaru.
             Slain by a killer bee (4 damage)
             ... on level 7 of the Dungeon.
             The game lasted 00:56:45 (7379 turns).

themokujin the Quickloader (Centaur Hunter)         Turns: 7379, Time: 00:56:45

Health: -2/100     AC: 24    Str: 14    XL:     9   Next: 30%
Magic:  9/9        EV:  1    Int: 10    God:    Okawaru [**....]
Gold:   344        SH:  0    Dex: 14    Spells: 0 memorised, 8 levels left

rFire  + . .     SeeInvis .     a - +1 hand crossbow
rCold  . . .     Clarity  +     (armour currently unavailable)
rNeg   + + +     SustAt   .     (no shield)
rPois  +         Gourm    .     (helmet currently unavailable)
rElec  .         Spirit   .     (cloak currently unavailable)
rCorr  .         Warding  .     (gloves currently unavailable)
rMut   .         NoTele   +     (no barding)
MR     .....                    (no amulet)
Stlth  ++........               (no ring)
                                i - ring of protection from fire

@: lethally poisoned (-2 -> -6), tree-form, hasted, very quick, not resistant to
hostile enchantments, unstealthy
A: (hooves 0), clarity, (deformed body), (speed 0), (tough skin 0)
a: Heroism, Renounce Religion


You were on level 7 of the Dungeon.
You worshipped Okawaru.
Okawaru was pleased with you.
You were not hungry.
You were a tree.
You visited 2 branches of the dungeon, and saw 9 of its levels.

You collected 344 gold pieces.

Inventory:

Hand Weapons
 a - a +1 hand crossbow (weapon)
 n - a +2 short sword of protection
Armour
 m - a +1 helmet of see invisible (melded)
 v - a +0 cloak (melded)
 C - a +0 leather armour of cold resistance (melded)
Jewellery
 c - a +4 ring of dexterity {unknown}
 h - an uncursed ring of positive energy {unknown}
 i - a ring of protection from fire (left branch)
Wands
 b - a wand of slowing (6)
 p - a wand of draining (8)
 t - a wand of heal wounds (0)
 u - a wand of confusion (35)
Scrolls
 g - 3 scrolls of remove curse
 k - 3 scrolls of teleportation
 q - 3 scrolls of amnesia
 y - a scroll of identify
 A - a scroll of enchant armour
Potions
 x - 2 potions of heal wounds {unknown}
Books
 j - a book of Callings

   Spells                             Type                      Level
   a - Summon Small Mammal            Summoning                    1
   b - Call Imp                       Summoning                    2
   c - Call Canine Familiar           Summoning                    3
   d - Summon Guardian Golem          Hexes/Summoning              3
   e - Summon Lightning Spire         Summoning/Air                4
   f - Summon Ice Beast               Ice/Summoning                4
Comestibles
 e - 3 bread rations
 f - a fruit
 l - 2 meat rations


   Skills:
 - Level 2.0 Fighting
 + Level 13.8 Crossbows
 - Level 1.3 Dodging
 - Level 0.5 Stealth


You had 8 spell levels left.
You didn't know any spells.

Dungeon Overview and Level Annotations

Branches:
Dungeon (8/15)             Temple (1/1) D:5
   Lair: D:8-11

Altars:
Ashenzari
Cheibriados
Dithmenos
Elyvilon
Fedhas
Gozag
Kikubaaqudgha
Makhleb
Nemelex Xobeh
Okawaru
Qazlal
Ru
Sif Muna
Trog
Vehumet
Xom
Yredelemnul
The Shining One

Annotations:
D:4 Blork the orc


Innate Abilities, Weirdness & Mutations

((You have hooves in place of feet.))
((Armour fits poorly on your strangely shaped body.))
((You cover ground very quickly.))
((You have extremely tough skin (AC +3).))
You possess an exceptional clarity of mind.


Message History

* * * LOW HITPOINT WARNING * * *
You feel sick. The killer bee barely misses you.
The killer bee stings you but does no damage.
The orc barely misses you.
Drink which item? (? for menu, Esc to quit)
You turn into a tree.
Your +0 cloak melds into your body.
Your +1 helmet of see invisible melds into your body.
Your +0 leather armour of cold resistance melds into your body.
You feel less perceptive.
You feel less resistant to cold.
Your roots penetrate the ground.
You feel sick. The killer bee stings you.
* * * LOW HITPOINT WARNING * * *
The killer bee stings you but does no damage.
The orc hits you but does no damage.
Drink which item? (? for menu, Esc to quit)
It was a potion of haste.
You feel yourself speed up.
* * * LOW HITPOINT WARNING * * *
You feel sick.
The killer bee stings you but does no damage.
The killer bee stings you.
You die...

#.###.###.####.#####.)(.
##.##.##.## #.# #.###
##.#.#.## ###.### #.#
#.......# #.....# #.#
#.##.##.# #.....# #.#
#.##.##.# #.....# #.###
#.#..##.# #.....# #...#
#.#.###.# #.....# ###.#
#.<.)[♣.######### #.#
###.#oy....# #.#
#.#.####)# #.#
#.#.####.##### #.#
#.#.##..<....# #.#
#.#.##.#.###.# #.#
#.#.##.#.# #.######.#
#...)....# #........#
########## ##########


You could see a killer bee and an orc.

Vanquished Creatures
  A hippogriff (D:7)
  A water moccasin (D:7)
  An orc warrior (D:7)
  A black bear (D:8)
  2 sky beasts
  3 ogres
  A necrophage (D:7)
  A big kobold (D:7)
  5 giant frogs
  A water moccasin zombie (D:7)
  A scorpion (D:7)
  2 killer bees (D:8)
  2 crimson imps
  A wasp zombie (D:8)
  A giant frog zombie (D:7)
  Crazy Yiuf (D:3)
  7 worker ants
  2 hounds
  6 orc priests
  Natasha (twice) (D:4)
  An iguana (D:4)
  6 orc wizards
  A hound skeleton (D:4)
  10 gnolls
  3 adders
  A shadow imp (D:5)
  An ooze (D:5)
  An adder skeleton (D:5)
  7 worms
  3 giant geckos
  24 orcs
  2 ball pythons
  7 bats
  3 giant cockroaches
  6 hobgoblins
  3 quokkas
  A giant gecko skeleton (D:7)
  2 giant newts
  9 goblins
  6 jackals (D:3)
  9 kobolds
  7 rats
  A butterfly (D:5)
  A fungus (D:3)
157 creatures vanquished.

Notes
Turn   | Place    | Note
--------------------------------------------------------------
     0 | D:1      | themokujin the Centaur Hunter began the quest for the Orb.
     0 | D:1      | Reached XP level 1. HP: 17/17 MP: 1/1
    81 | D:1      | Reached XP level 2. HP: 24/24 MP: 2/2
   143 | D:1      | Reached skill level 5 in Crossbows
   470 | D:2      | Found a radiant altar of Vehumet.
   550 | D:2      | Reached XP level 3. HP: 29/29 MP: 3/3
   819 | D:2      | Noticed a moth of wrath
   838 | D:2      | Found a bloodstained altar of Trog.
  1178 | D:2      | Found a snail-covered altar of Cheibriados.
  1293 | D:3      | Reached skill level 6 in Crossbows
  1340 | D:3      | Noticed an ogre
  1358 | D:3      | Killed an ogre
  1358 | D:3      | Reached skill level 7 in Crossbows
  1358 | D:3      | Reached XP level 4. HP: 27/36 MP: 4/4
  1358 | D:3      | Reached XP level 5. HP: 30/41 MP: 5/5
  1782 | D:3      | Found a sacrificial altar of Ru.
  1953 | D:3      | Noticed Crazy Yiuf
  1967 | D:3      | Killed Crazy Yiuf
  2597 | D:4      | Noticed Natasha
  2997 | D:4      | Reached skill level 8 in Crossbows
  2997 | D:4      | Reached XP level 6. HP: 33/48 MP: 6/6
  3083 | D:4      | Found a shimmering altar of Xom.
  3084 | D:4      | Found a blossoming altar of Fedhas.
  3299 | D:4      | You fall through a shaft for 2 floors!
  3306 | D:5      | Entered Level 5 of the Dungeon
  3620 | D:4      | Killed Natasha
  3620 | D:4      | Reached skill level 9 in Crossbows
  3725 | D:4      | Noticed Natasha
  3738 | D:4      | Killed Natasha
  3773 | D:4      | Noticed Blork the orc
  3831 | D:5      | Reached XP level 7. HP: 42/55 MP: 7/7
  4168 | D:5      | Reached skill level 10 in Crossbows
  4447 | D:5      | Reached XP level 8. HP: 56/61 MP: 8/8
  4519 | D:5      | Found a staircase to the Ecumenical Temple.
  4534 | Temple   | Entered the Ecumenical Temple
  4613 | Temple   | Became a worshipper of Warmaster Okawaru
  4872 | D:6      | Found a glowing golden altar of the Shining One.
  4910 | D:6      | Reached skill level 11 in Crossbows
  5494 | D:6      | Gained mutation: You possess an exceptional clarity of mind. [potion of beneficial mutation]
  5719 | D:7      | Reached skill level 12 in Crossbows
  5767 | D:7      | Reached * piety under Okawaru
  6091 | D:7      | Found a snail-covered altar of Cheibriados.
  6097 | D:7      | Reached skill level 13 in Crossbows
  6200 | D:7      | Reached XP level 9. HP: 53/65 MP: 9/9
  6451 | D:7      | Reached ** piety under Okawaru
  7378 | D:7      | HP: 5/100 [poisoned by a killer bee]
  7378 | D:7      | HP: 2/100 [killer bee (3)]
  7379 | D:7      | Slain by a killer bee

Action                   |  1- 3 |  4- 6 |  7- 9 || total
-------------------------+-------+-------+-------++-------
Melee: Short sword       |     1 |    73 |    64 ||   138
 Fire: Hand crossbow     |   104 |   110 |   252 ||   466
Evoke: Wand              |       |       |     2 ||     2
  Use: Scroll            |     5 |     5 |     4 ||    14
       Potion            |       |     3 |     8 ||    11
  Eat: Chunk             |       |     4 |     1 ||     5
       Fruit             |       |     2 |     1 ||     3
       Royal jelly       |       |     1 |       ||     1
       Beef jerky        |       |       |     3 ||     3
       Meat ration       |       |       |     1 ||     1
